 Dungeon Crawl Stone Soup version 0.22-a0-430-g6609fc65db (webtiles) character file.

165 Manul the Slasher (level 5, 0/39 HPs)
             Began as a Demonspawn Gladiator on May 26, 2018.
             Slain by an orc wizard
             ... wielding a +0 dagger
              (1 damage)
             ... on level 4 of the Dungeon.
             The game lasted 00:03:23 (3050 turns).

Manul the Slasher (Demonspawn Gladiator)            Turns: 3050, Time: 00:03:24

Health: 0/39       AC:  4    Str: 16    XL:     5   Next: 21%
Magic:  5/5        EV: 13    Int: 15    God:
Gold:   205        SH:  6    Dex: 15    Spells: 4/4 levels left

rFire    . . .     SeeInvis .   a - +0 long sword
rCold    + . .     Gourm    .   (no shield)
rNeg     . . .     Faith    .   b - +0 leather armour
rPois    +         Spirit   .   c - +0 helmet
rElec    .         Reflect  .   (no cloak)
rCorr    .         Harm     .   (no gloves)
MR       .....                  (no boots)
Stlth    +.........             (no amulet)
HPRegen  0.13/turn              g - ring of wizardry
MPRegen  0.09/turn              (no ring)

@: brilliant, lethally poisoned (0 -> -2), flying, hasted, very quick
A: hooves 1, large bone plates 2, cold resistance 1, poison resistance, strong
1, MP-powered wands
a: no special abilities


You were on level 4 of the Dungeon.
You were not hungry.

You visited 1 branch of the dungeon, and saw 4 of its levels.

You collected 205 gold pieces.

Inventory:

Hand Weapons
 a - a +0 long sword (weapon)
Missiles
 d - 3 throwing nets (quivered)
Armour
 b - a +0 leather armour (worn)
 c - a +0 helmet (worn)
Jewellery
 g - a ring of wizardry (left hand)
Wands
 p - a wand of random effects (20)
Scrolls
 e - 4 scrolls of identify
 h - 3 scrolls of amnesia
 j - a scroll of noise {unknown}
 m - 3 scrolls of remove curse
 o - a scroll of fear
 q - a scroll of teleportation {unknown}
 r - a scroll of immolation {unknown}
 t - 2 scrolls of magic mapping {unknown}
Comestibles
 f - 7 rations


   Skills:
 + Level 2.7 Fighting
 + Level 4.3 Long Blades
 + Level 2.0 Throwing
 + Level 0.9 Armour
 + Level 3.4 Dodging
 + Level 0.1 Stealth


You had 4 spell levels left.
You didn't know any spells.
Your spell library contained the following spells:

 Spells                   Type           Power        Failure   Level  Hunger
 Apportation              Tloc           #.....       4%          1    ##.....
 Summon Small Mammal      Summ           #...         4%          1    ##.....
 Animate Skeleton         Necr           N/A          4%          1    ##.....
 Confusing Touch          Hex            #.....       4%          1    ##.....


Dungeon Overview and Level Annotations

Branches:
Dungeon (4/15)
 Temple: D:4-7

Altars:
Ashenzari
Cheibriados
Dithmenos
Fedhas
Nemelex Xobeh
Wu Jian
Yredelemnul


Innate Abilities, Weirdness & Mutations

You have large cloven feet.
You are mostly covered in large bone plates. (SH +6)
Your flesh is cold resistant. (rC+)
Your system is resistant to poisons. (rPois)
Your muscles are strong. (Str +2)
You expend magic power (3 MP) to strengthen your wands.


Message History

You kill the orc!
You barely miss something.
You feel sick.
You closely miss something. Something hits you.
* * * LOW HITPOINT WARNING * * *
Something hits you but does no damage.
You barely miss something. You kick something.
You hear some strange, mumbled words.
A magic dart appears from out of thin air!
The magic dart hits you!
* * * LOW HITPOINT WARNING * * *
You barely miss something.
You hear some strange, mumbled words.
A puff of flame appears from out of thin air!
The puff of flame hits you!
* * * LOW HITPOINT WARNING * * *
Unknown command.
You closely miss something. You kick something.
Something hits you but does no damage.
You slash something! Something hits you.
You die...

#†#......
#.#######
#######.######
#....(.....?..#
#.#####.#####.#
##.# #.# #
##.#.# #.# #
##.###.# #.# #
#@## #....# #
..#####)##
##### #
.......o.# #
#######.!.# #
#...# # #...#
.[... ##...#
.###


You could see an orc.

Vanquished Creatures
  7 adders
  2 worms
  3 dart slugs (D:1)
  3 leopard geckos
  7 orcs
  10 bats
  3 giant cockroaches
  11 hobgoblins
  4 jackals (D:4)
  11 kobolds
  2 frilled lizards (D:3)
  2 gnoll zombies (D:3)
  5 goblins
  7 rats
77 creatures vanquished.

Notes
Turn   | Place    | Note
-------+----------+-------------------------------------------
     0 | D:1      | Manul the Demonspawn Gladiator began the quest for the Orb.
     0 | D:1      | Reached XP level 1. HP: 16/16 MP: 1/1
    34 | D:1      | Reached skill level 3 in Long Blades
    41 | D:1      | Gained mutation: You are partially covered in large bone plates. (SH +4) [demonic ancestry]
    41 | D:1      | Reached XP level 2. HP: 11/22 MP: 2/2
   473 | D:1      | Gained mutation: You have large cloven feet. [demonic ancestry]
   473 | D:1      | Reached XP level 3. HP: 26/27 MP: 3/3
   975 | D:2      | Found a blossoming altar of Fedhas.
   976 | D:2      | Found an ornate altar of the Wu Jian Council.
   976 | D:2      | Found a shadowy altar of Dithmenos.
   977 | D:2      | Found a snail-covered altar of Cheibriados.
  1741 | D:3      | Gained mutation: You are mostly covered in large bone plates. (SH +6) [demonic ancestry]
  1741 | D:3      | Reached XP level 4. HP: 33/34 MP: 4/4
  1856 | D:3      | Found a basalt altar of Yredelemnul.
  1970 | D:3      | Reached skill level 4 in Long Blades
  2628 | D:3      | Found a shattered altar of Ashenzari.
  2830 | D:4      | Found a sparkling altar of Nemelex Xobeh.
  2987 | D:4      | Gained mutation: Your flesh is cold resistant. (rC+) [demonic ancestry]
  2987 | D:4      | Reached XP level 5. HP: 23/39 MP: 5/5
  3039 | D:4      | Gained mutation: Your muscles are strong. (Str +2) [potion of mutation]
  3039 | D:4      | Gained mutation: Your system is resistant to poisons. (rPois) [potion of mutation]
  3039 | D:4      | Gained mutation: You expend magic power (3 MP) to strengthen your wands. [potion of mutation]
  3048 | D:4      | HP: 1/39 [something/puff of flame (6)]
  3050 | D:4      | Slain by an orc wizard

Vault maps used:
D:1:      lordsloth_arrival_two_stooges, st_stairs_14, minmay_hedge_maze
D:2:      minmay_door_path, chequers_temple_overflow_statue_of_worship
D:3:      lemuel_round_altar, lemuel_zombie_altar_yredelemnul, first_ration
D:4:      nemelex_xobeh_ov_fountains_minmay, lemuel_crystal_altar,
          grunt_gozag_breadcrumbs

Skill      XL: |  1  2  3  4 |
---------------+-------------+-----
Long Blades    | 3 4 |  4.3
Throwing       | 2 |  2.0
Dodging        | 3 |  3.4
Fighting       | |  2.7
Armour         | |  0.9
Stealth        | |  0.1

Action                   |  1- 3 |  4- 6 || total
-------------------------+-------+-------++-------
Melee: Long sword        |   120 |   110 ||   230
       Kick              |    12 |    29 ||    41
  Use: Potion            |     1 |     5 ||     6
       Scroll            |       |     4 ||     4
 Stab: Sleeping          |     1 |       ||     1
  Eat: Chunk             |     3 |     4 ||     7
Armor: Leather armour    |    46 |    19 ||    65
       Skin              |    21 |       ||    21
Dodge: Dodged            |   115 |    58 ||   173
Block: Other             |    22 |    37 ||    59
       Rpst.: Long sword |    39 |    20 ||    59

Table legend:
 A = Spawn XP
 B = Non-spawn XP
 C = Spawn XP percentage of total XP
 D = Spawn monster count
 E = Non-spawn monster count
 F = Spawn count percentage of total count
 G = Total turns spent on level
                    A         B        C        D         E        F      G
               +---------+---------+-------+---------+---------+-------+---------
         Total |       0 |     236 |   0.0 |       0 |      77 |   0.0 |  3050
               +---------+---------+-------+---------+---------+-------+---------
           D:1 |       0 |      42 |   0.0 |       0 |      19 |   0.0 |   670
           D:2 |       0 |      51 |   0.0 |       0 |      22 |   0.0 |  1009
           D:3 |       0 |      71 |   0.0 |       0 |      24 |   0.0 |  1020
           D:4 |       0 |      72 |   0.0 |       0 |      12 |   0.0 |   351
               +---------+---------+-------+---------+---------+-------+---------
